[Event "42nd Olympiad Baku 2016 Women"]
[Site "Baku"]
[Date "2016.09.06"]
[Round "5.10"]
[White "Havlikova, Kristyna"]
[Black "Yildiz, Betul Cemre"]
[Result "0-1"]
[ECO "C96"]
[WhiteElo "2271"]
[BlackElo "2369"]
[Annotator ""]
[PlyCount "102"]
[EventDate "2016.??.??"]
[EventType "team-tourn"]
[EventCountry "AZE"]
[SourceTitle "playchess.com"]
[Source "ChessBase"]
[WhiteTeam "Czech Republic"]
[BlackTeam "Turkey"]
[WhiteTeamCountry "CZE"]
[BlackTeamCountry "TUR"]
[TimeControl "40/5400+30:1800+30"]

1. e4 {(00:00)} e5 {(00:00)} 2. Nf3 {(00:00)} Nc6 {
(00:00)} 3. Bb5 {(00:00)} a6 {(00:00)} 4. Ba4 {(00:
00)} Nf6 {(00:00)} 5. O-O {(00:00)} Be7 {(00:19)} 6. Re1 {
(00:08)} b5 {(00:15)} 7. Bb3 {(00:05)} d6 {(00:12)}
8. c3 {(00:11)} O-O {(00:40)} 9. h3 {(00:15)} Na5 {
(00:51)} 10. Bc2 {(00:06)} c5 {(00:09)} 11. d4 {(
00:20)} Nd7 {(00:35)} 12. Nbd2 {(00:37)} exd4 {(00:12)}
13. cxd4 {(00:06)} Re8 {(00:29)} 14. d5 {(05:39)} Nf8 {
(05:07)} 15. Rb1 {(13:17)} Bf6 {(01:13)} 16. Nf1 {(
04:12)} Nc4 {(07:22)} 17. b3 {(03:42)} Ne5 {(06:06)} 18.
N3h2 {(01:08)} Neg6 {(06:46)} 19. Ng3 {(31:22)} Qa5 {
(12:46)} 20. a3 {(09:47)} Qc7 {(08:19)} 21. Ne2 {(
01:55)} Nd7 {(08:31)} 22. f4 {(01:26)} Nb6 {(01:30)} 23.
Nf3 {(00:49)} Nh4 {(04:46)} 24. Rf1 {(03:54)} Nxf3+ {
(02:37)} 25. Rxf3 {(00:02)} g6 {(03:35)} 26. Be3 {(
04:32)} Bb7 {(04:20)} 27. Bf2 {(07:00)} Qe7 {(06:18)} 28.
Ng3 {(02:58)} Nd7 {(03:02)} 29. Qd2 {(01:19)} Rac8 {
(00:25)} 30. Re1 {(02:11)} Bb2 {(03:31)} 31. b4 {(
02:02)} cxb4 {(07:42)} 32. axb4 {(00:05)} Qd8 {(00:13)}
33. Bb3 {(01:12)} Bg7 {(00:31)} 34. Kh1 {(03:34)} h5 {
(04:10)} 35. Kh2 {(02:24)} Qc7 {(01:20)} 36. Bd4 {(
00:33)} Bxd4 {(00:41)} 37. Qxd4 {(00:02)} Qb6 {(00:21)}
38. Qa1 {(00:07)} h4 {(01:56)} 39. Nf1 {(00:14)} Qd8 {
(00:35)} 40. Nd2 {(00:00)} Nb6 {(00:00)} 41. Rff1 {
(10:06)} Qc7 {(09:06)} 42. Qd4 {(06:24)} Nd7 {(00:
19)} 43. Re3 {(08:19)} Qb6 {(01:33)} 44. Qxb6 {(03:49)}
Nxb6 {(00:02)} 45. Rfe1 {(00:04)} Re7 {(03:25)} 46. Nf3 {
(00:35)} Rce8 {(00:12)} 47. Nxh4 {(01:21)} Bxd5 {(
02:19)} 48. Bc2 {(03:10)} Bb7 {(01:28)} 49. Bb3 {(01:20)}
Rxe4 {(01:23)} 50. Rxe4 {(01:25)} Rxe4 {(00:02)} 51. Rc1 {
(00:21)} Nc4 {(01:27)} 0-1

[Event "42nd Olympiad Baku 2016 Women"]
[Site "Baku"]
[Date "2016.09.06"]
[Round "5.14"]
[White "Heinatz, Gundula"]
[Black "Zavala Galindo, Alejandra Beatri"]
[Result "1-0"]
[ECO "A46"]
[WhiteElo "2205"]
[BlackElo "1766"]
[Annotator ""]
[PlyCount "53"]
[EventDate "2016.??.??"]
[EventType "team-tourn"]
[EventCountry "AZE"]
[SourceTitle "playchess.com"]
[Source "ChessBase"]
[WhiteTeam "Switzerland"]
[BlackTeam "El Salvador"]
[WhiteTeamCountry "SUI"]
[BlackTeamCountry "ESA"]
[TimeControl "40/5400+30:1800+30"]

1. d4 {(00:00)} Nf6 {(00:00)} 2. Nf3 {(00:00)} c5 {
(00:00)} 3. c3 {(00:00)} g6 {(00:38)} 4. g3 {(00:
26)} Bg7 {(00:23)} 5. Bg2 {(00:37)} O-O {(01:22)} 6. O-O {
(00:20)} cxd4 {(04:11)} 7. cxd4 {(00:09)} d5 {(00:
43)} 8. Nc3 {(00:22)} Nc6 {(00:49)} 9. Ne5 {(04:49)} Bf5 {
(17:10)} 10. Bg5 {(10:08)} Ne4 {(06:07)} 11. Nxe4 {
(11:07)} Bxe4 {(09:34)} 12. Nxc6 {(05:48)} bxc6 {(
00:12)} 13. Bxe4 {(00:17)} dxe4 {(00:16)} 14. Be3 {(00:23]
} Qd5 {(03:30)} 15. Qc2 {(02:05)} Bxd4 {(10:23)} 16. Rad1
{(12:37)} c5 {(03:41)} 17. Bh6 {(01:20)} Rfb8 {(10:
40)} 18. e3 {(05:19)} Qh5 {(05:16)} 19. exd4 {(02:20)}
Qxh6 {(00:20)} 20. dxc5 {(01:37)} Qg7 {(03:21)} 21. b3 {
(00:27)} f5 {(00:31)} 22. c6 {(02:55)} Rc8 {(01:43]
} 23. Rd7 {(00:44)} Qf6 {(02:06)} 24. Qc4+ {(05:00)} Kg7 {
(01:52)} 25. c7 {(00:42)} a5 {(01:24)} 26. Rfd1 {(
02:18)} Ra7 {(03:08)} 27. Qc5 {(00:26)} 1-0

[Event "42nd Olympiad Baku 2016 Women"]
[Site "Baku"]
[Date "2016.09.06"]
[Round "5.7"]
[White "Hejazipour, Mitra"]
[Black "Lanchava, Tea"]
[Result "0-1"]
[ECO "A86"]
[WhiteElo "2314"]
[BlackElo "2258"]
[Annotator ""]
[PlyCount "106"]
[EventDate "2016.??.??"]
[EventType "team-tourn"]
[EventCountry "AZE"]
[SourceTitle "playchess.com"]
[Source "ChessBase"]
[WhiteTeam "Iran"]
[BlackTeam "Netherlands"]
[WhiteTeamCountry "IRI"]
[BlackTeamCountry "NED"]
[TimeControl "40/5400+30:1800+30"]

1. d4 {(00:17)} f5 {(00:00)} 2. c4 {(00:21)} Nf6 {(
00:01)} 3. g3 {(00:16)} d6 {(00:29)} 4. Bg2 {(02:05)} g6 {
(00:33)} 5. Nh3 {(01:10)} Bg7 {(00:41)} 6. O-O {(
00:21)} O-O {(00:40)} 7. Nc3 {(02:58)} Na6 {(09:26)} 8.
Rb1 {(16:27)} e5 {(23:54)} 9. dxe5 {(03:47)} dxe5 {
(01:16)} 10. b4 {(03:07)} Qxd1 {(22:08)} 11. Rxd1 {
(00:15)} Re8 {(02:16)} 12. Nd5 {(22:40)} Nxd5 {(03:
43)} 13. Bxd5+ {(00:35)} Kh8 {(00:42)} 14. Ng5 {(07:39)}
h6 {(03:11)} 15. b5 {(03:35)} Nc5 {(02:33)} 16. Ba3 {
(03:23)} hxg5 {(02:41)} 17. Bxc5 {(00:24)} Kh7 {(
00:25)} 18. a4 {(08:02)} Rb8 {(14:38)} 19. Bf7 {(02:42)}
Rh8 {(00:07)} 20. Be7 {(00:25)} Kh6 {(06:16)} 21. g4 {
(08:51)} e4 {(00:59)} 22. Rd5 {(06:17)} Bf8 {(01:
58)} 23. Bf6 {(02:28)} Bg7 {(00:09)} 24. Bd8 {(01:35)} Rf8
{(00:12)} 25. Rb3 {(01:04)} fxg4 {(00:06)} 26. Bxc7 {
(00:59)} Ra8 {(00:04)} 27. Bd8 {(01:14)} Rxf7 {(00:
38)} 28. Bxg5+ {(00:04)} Kh7 {(00:07)} 29. Rd8 {(00:40)}
Rf8 {(00:13)} 30. Rd6 {(00:43)} Be5 {(00:28)} 31. Rd5 {
(00:07)} Rf5 {(00:18)} 32. h4 {(00:51)} Be6 {(00:
08)} 33. Rd1 {(00:22)} Bxc4 {(00:13)} 34. Re3 {(00:10)}
Re8 {(00:13)} 35. Kg2 {(00:40)} Bg7 {(00:24)} 36. Rc1 Bd5
{(00:33)} 37. Rc7 {(01:01)} Ref8 {(00:36)} 38. Kg3 {
(00:20)} Rxf2 {(00:38)} 39. Rd7 {(00:39)} R8f5 {(
00:59)} 40. Rxd5 {(00:00)} Rxd5 {(00:00)} 41. Kxf2 {(00:
33)} Bd4 {(00:33)} 42. Kg3 {(01:38)} Bxe3 {(03:14)} 43.
Bxe3 {(00:02)} a6 {(02:00)} 44. bxa6 {(00:12)} bxa6 {
(00:05)} 45. Bb6 {(00:28)} Rf5 {(00:40)} 46. a5 {(
01:49)} Kg7 {(01:12)} 47. Kxg4 {(00:12)} Kf6 {(00:10)} 48.
e3 {(00:47)} Ke6 {(00:16)} 49. Kg3 {(00:18)} Kd5 {(
00:07)} 50. Kg4 {(00:13)} Kc4 {(00:07)} 51. Bd8 {(00:23)}
Kd3 {(00:15)} 52. Bb6 {(00:05)} Ke2 {(00:29)} 53. Kg3 {
(00:15)} Kf1 {(01:04)} 0-1

[Event "42nd Olympiad Baku 2016 Women"]
[Site "Baku"]
[Date "2016.09.06"]
[Round "5.13"]
[White "Hernandez, Bera"]
[Black "Mueller-Seps, Monika"]
[Result "0-1"]
[ECO "B30"]
[WhiteElo "1808"]
[BlackElo "2276"]
[Annotator ""]
[PlyCount "92"]
[EventDate "2016.??.??"]
[EventType "team-tourn"]
[EventCountry "AZE"]
[SourceTitle "playchess.com"]
[Source "ChessBase"]
[WhiteTeam "El Salvador"]
[BlackTeam "Switzerland"]
[WhiteTeamCountry "ESA"]
[BlackTeamCountry "SUI"]
[TimeControl "40/5400+30:1800+30"]

1. e4 {(00:00)} c5 {(00:00)} 2. Nf3 {(00:00)} Nc6 {
(00:00)} 3. c3 {(00:00)} Nf6 {(00:00)} 4. Bd3 {(00:
31)} d6 {(00:56)} 5. Bc2 {(00:14)} Bg4 {(01:10)} 6. h3 {
(00:27)} Bxf3 {(00:12)} 7. Qxf3 {(00:26)} g6 {(01:
15)} 8. d3 {(02:06)} Bg7 {(00:33)} 9. Nd2 {(00:32)} O-O {
(03:21)} 10. Nf1 {(01:49)} b5 {(03:00)} 11. Ne3 {(
11:24)} b4 {(08:49)} 12. Ba4 {(07:28)} Ne5 {(03:12)} 13.
Qd1 {(05:35)} bxc3 {(03:32)} 14. O-O {(02:32)} Qa5 {
(09:27)} 15. Bb3 {(03:54)} Qb5 {(04:50)} 16. Nc4 {(
06:33)} Nxc4 {(01:02)} 17. dxc4 {(00:39)} Qb7 {(03:22)}
18. e5 {(02:02)} Ne4 {(04:25)} 19. Qf3 {(02:17)} Bxe5 {
(02:08)} 20. bxc3 {(00:57)} Rab8 {(05:21)} 21. Bb2 {
(01:25)} Nd2 {(01:40)} 22. Qxb7 {(00:17)} Rxb7 {(
00:01)} 23. Rfc1 {(02:02)} Nxb3 {(01:45)} 24. axb3 {(00:
10)} Rxb3 {(00:02)} 25. Rc2 {(01:18)} Rfb8 {(00:05)} 26.
Ra2 {(01:04)} a5 {(01:27)} 27. Kf1 {(00:35)} a4 {(
02:31)} 28. Ke2 {(01:12)} f5 {(02:24)} 29. Kd3 Bf6 {(02:
35)} 30. Bc1 {(01:18)} Ra8 {(00:13)} 31. Ra3 {(00:41)}
Rxa3 {(02:02)} 32. Bxa3 {(00:11)} Rb8 {(01:32)} 33. Rb2 {
(00:50)} Rxb2 {(00:38)} 34. Bxb2 {(00:09)} Kf7 {(
00:07)} 35. Bc1 {(00:22)} Ke6 {(02:25)} 36. f4 {(01:22)}
h5 {(01:32)} 37. Kc2 {(00:18)} Kd7 {(04:25)} 38. Kd3 {
(04:38)} Kc6 {(00:13)} 39. Kc2 {(01:15)} e5 {(05:
24)} 40. Kd3 e4+ {(00:00)} 41. Kc2 {(04:28)} d5 {(01:34)}
42. cxd5+ {(00:51)} Kxd5 {(00:01)} 43. Bd2 {(00:41)} Kc4 {
(00:37)} 44. Be1 {(01:51)} a3 {(00:26)} 45. g3 {(
00:12)} a2 {(00:21)} 46. Kb2 {(00:12)} Bxc3+ {(00:09)} 0-1

[Event "42nd Olympiad Baku 2016 Women"]
[Site "Baku"]
[Date "2016.09.06"]
[Round "5.12"]
[White "Hernandez Moya, Yuleisy"]
[Black "Kulon, Klaudia"]
[Result "0-1"]
[ECO "A05"]
[WhiteElo "2264"]
[BlackElo "2346"]
[Annotator ""]
[PlyCount "79"]
[EventDate "2016.??.??"]
[EventType "team-tourn"]
[EventCountry "AZE"]
[SourceTitle "playchess.com"]
[Source "ChessBase"]
[WhiteTeam "Cuba"]
[BlackTeam "Poland"]
[WhiteTeamCountry "CUB"]
[BlackTeamCountry "POL"]
[TimeControl "40/5400+30:1800+30"]

1. Nf3 {(00:00)} Nf6 {(00:04)} 2. c4 {(00:00)} g6 {
(00:12)} 3. b3 {(00:06)} Bg7 {(00:19)} 4. Bb2 {(00:
07)} O-O {(00:56)} 5. g3 {(00:18)} b6 {(00:27)} 6. Bg2 {
(00:11)} Bb7 {(00:04)} 7. O-O {(00:33)} d6 {(00:55]
} 8. d4 {(01:37)} Nbd7 {(06:47)} 9. Re1 {(08:51)} Re8 {
(02:57)} 10. Nc3 {(02:22)} e5 {(05:17)} 11. Nxe5 {(
18:07)} Bxg2 {(08:57)} 12. Nxd7 {(00:10)} Bb7 {(04:25)}
13. Nxf6+ {(00:12)} Qxf6 {(00:02)} 14. d5 {(06:29)} Qf5 {
(03:48)} 15. e4 {(07:50)} Qh3 {(01:03)} 16. Qc2 {(
09:30)} Re7 {(09:01)} 17. Nb5 {(20:04)} Bxb2 {(03:49)} 18.
Qxb2 {(00:06)} Rae8 {(00:06)} 19. f3 {(00:04)} a6 {
(05:24)} 20. Nd4 {(03:44)} f5 {(01:51)} 21. Qc2 {(
08:14)} Qh5 {(09:13)} 22. Qd3 {(07:58)} fxe4 {(02:26)} 23.
Rxe4 {(00:06)} Rxe4 {(00:48)} 24. fxe4 {(00:05)} Bc8 {
(00:22)} 25. Re1 {(02:19)} Bg4 {(02:44)} 26. Nc6 {(
00:59)} Bd7 {(05:13)} 27. Nd4 {(01:45)} Bg4 {(00:37)} 28.
Nc6 {(00:47)} Bf5 {(02:07)} 29. Re3 {(00:16)} Bd7 {
(00:20)} 30. Nd4 {(00:25)} Qe5 {(00:07)} 31. Kg2 {(
00:38)} Bg4 {(00:38)} 32. Nf3 {(01:21)} Qh5 {(00:41)} 33.
Nd2 {(00:37)} Bh3+ {(01:45)} 34. Kf2 {(00:10)} Qd1 {
(01:10)} 35. Nf3 {(00:32)} Qh1 {(00:52)} 36. Qe2 {(
00:55)} Rf8 {(00:22)} 37. e5 {(00:30)} dxe5 {(01:47)} 38.
Rxe5 {(00:18)} Bf1 {(01:58)} 39. Qe4 {(00:42)} Bg2 {
(00:15)} 40. Re8 0-1

[Event "42nd Olympiad Baku 2016 Women"]
[Site "Baku"]
[Date "2016.09.06"]
[Round "5.5"]
[White "Hoang, Thanh Trang"]
[Black "Cramling, Pia"]
[Result "1/2-1/2"]
[ECO "E32"]
[WhiteElo "2467"]
[BlackElo "2444"]
[Annotator ""]
[PlyCount "57"]
[EventDate "2016.??.??"]
[EventType "team-tourn"]
[EventCountry "AZE"]
[SourceTitle "playchess.com"]
[Source "ChessBase"]
[WhiteTeam "Hungary"]
[BlackTeam "Sweden"]
[WhiteTeamCountry "HUN"]
[BlackTeamCountry "SWE"]
[TimeControl "40/5400+30:1800+30"]

1. d4 {(00:00)} Nf6 {(00:00)} 2. c4 {(00:09)} e6 {(
00:00)} 3. Nc3 {(00:23)} Bb4 {(00:00)} 4. Qc2 {(00:18)} b6
{(00:32)} 5. e4 {(03:49)} c5 {(00:38)} 6. d5 {(04:
59)} Qe7 {(04:38)} 7. Be2 {(05:02)} exd5 {(03:17)} 8. exd5
{(00:24)} Qe4 {(00:53)} 9. Qxe4+ {(09:43)} Nxe4 {(
00:33)} 10. Bd2 {(01:43)} Bxc3 {(00:20)} 11. Bxc3 {(00:58]
} Nxc3 {(00:16)} 12. bxc3 {(00:05)} d6 {(00:45)} 13. Nf3 {
(02:37)} Nd7 {(09:16)} 14. Kd2 {(05:02)} O-O {(03:
25)} 15. a4 {(02:37)} Nf6 {(06:49)} 16. Bd3 {(01:18)} Bd7
{(13:53)} 17. Rhb1 {(03:57)} Rfb8 {(11:18)} 18. a5 {
(08:01)} Kf8 {(13:25)} 19. axb6 {(03:11)} axb6 {(
00:04)} 20. Rxb6 {(05:50)} Rxa1 {(00:09)} 21. Rxb8+ {(00:
08)} Ke7 {(00:04)} 22. Rb2 {(06:09)} g6 {(03:41)} 23. h3 {
(04:37)} h6 {(04:20)} 24. Ne1 {(05:25)} Nh5 {(02:
01)} 25. Nc2 {(02:24)} Rg1 {(04:40)} 26. Ne3 {(00:34)} Ra1
{(00:13)} 27. Nc2 {(01:47)} Rg1 {(00:36)} 28. Ne3 {
(01:57)} Ra1 {(00:05)} 29. Nc2 {(05:52)} 1/2-1/2

[Event "42nd Olympiad Baku 2016 Women"]
[Site "Baku"]
[Date "2016.09.06"]
[Round "5.18"]
[White "Hoshino, Karen"]
[Black "Acevedo Mendez, Lisseth"]
[Result "1-0"]
[ECO "A90"]
[WhiteElo "1802"]
[BlackElo "1857"]
[Annotator ""]
[PlyCount "61"]
[EventDate "2016.??.??"]
[EventType "team-tourn"]
[EventCountry "AZE"]
[SourceTitle "playchess.com"]
[Source "ChessBase"]
[WhiteTeam "Japan"]
[BlackTeam "Costa Rica"]
[WhiteTeamCountry "JPN"]
[BlackTeamCountry "CRI"]
[TimeControl "40/5400+30:1800+30"]

1. d4 {(00:00)} e6 {(00:00)} 2. c4 {(00:00)} f5 {(
00:00)} 3. g3 {(00:00)} Nf6 {(00:00)} 4. Bg2 {(00:00)}
Bb4+ {(00:35)} 5. Bd2 {(02:47)} Qe7 {(01:02)} 6. Nf3 {
(01:41)} O-O {(00:17)} 7. O-O {(00:30)} Ne4 {(02:
36)} 8. Bf4 {(03:54)} c5 {(07:28)} 9. d5 {(06:12)} d6 {
(00:06)} 10. dxe6 {(09:13)} Bxe6 {(02:38)} 11. Qc2 {
(01:26)} Nc6 {(07:14)} 12. a3 {(02:28)} Ba5 {(00:
18)} 13. Nbd2 {(05:17)} Bxd2 {(00:20)} 14. Nxd2 {(03:50)}
d5 {(06:49)} 15. cxd5 {(04:58)} Bxd5 {(00:40)} 16. Nxe4 {
(02:54)} fxe4 {(00:07)} 17. Be3 {(03:27)} b6 {(06:
18)} 18. Rad1 {(04:36)} Rad8 {(00:05)} 19. Rd2 {(01:26)}
Na5 {(05:31)} 20. Qc3 {(05:06)} Nc6 {(08:02)} 21. Rfd1 {
(01:53)} Qf7 {(01:32)} 22. Bh1 {(09:18)} Ne7 {(07:
03)} 23. Bxe4 {(02:52)} Kh8 {(31:45)} 24. Qe5 {(14:05)}
Nc6 {(01:58)} 25. Bxd5 {(02:51)} Nxe5 {(01:02)} 26. Bxf7 {
(00:06)} Nxf7 {(00:19)} 27. Rd7 {(01:17)} a6 {(01:
12)} 28. Kg2 {(00:11)} Rxd7 {(00:15)} 29. Rxd7 {(00:06)}
Ne5 {(00:11)} 30. Rb7 {(02:41)} b5 {(04:03)} 31. Bxc5 {
(00:35)} 1-0

[Event "42nd Olympiad Baku 2016 Women"]
[Site "Baku"]
[Date "2016.09.06"]
[Round "5.21"]
[White "Hou, Yifan"]
[Black "Zimina, Olga"]
[Result "1-0"]
[ECO "C65"]
[WhiteElo "2658"]
[BlackElo "2389"]
[Annotator ""]
[PlyCount "47"]
[EventDate "2016.??.??"]
[EventType "team-tourn"]
[EventCountry "AZE"]
[SourceTitle "playchess.com"]
[Source "ChessBase"]
[WhiteTeam "China"]
[BlackTeam "Italy"]
[WhiteTeamCountry "CHN"]
[BlackTeamCountry "ITA"]
[TimeControl "40/5400+30:1800+30"]

1. e4 {(00:00)} e5 {(00:00)} 2. Nf3 {(00:00)} Nc6 {
(00:00)} 3. Bb5 {(00:00)} Nf6 {(00:00)} 4. d3 {(00:
03)} d6 {(00:00)} 5. O-O {(00:15)} Bd7 {(00:00)} 6. Re1 {
(00:27)} g6 {(00:02)} 7. d4 {(01:25)} Qe7 {(13:40)}
8. Nc3 {(14:07)} Nb8 {(13:07)} 9. Bg5 {(29:51)} c6 {
(13:00)} 10. dxe5 {(05:53)} dxe5 {(00:30)} 11. Nd5 {
(00:30)} cxd5 {(00:09)} 12. exd5 {(00:05)} Bxb5 {(
28:44)} 13. Nxe5 {(08:00)} h6 {(15:15)} 14. Bxf6 {(11:32)}
Qxf6 {(00:17)} 15. Ng4+ {(00:04)} Qe7 {(00:07)} 16. Qd4 {
(05:07)} Be2 {(01:57)} 17. Qxh8 {(00:29)} Nd7 {(00:
13)} 18. Qc3 {(03:02)} f5 {(01:44)} 19. Rxe2 {(01:49)}
Qxe2 {(00:13)} 20. Re1 {(00:03)} Qxe1+ {(00:34)} 21. Qxe1+
{(00:04)} Kd8 {(00:06)} 22. Ne5 {(00:07)} Nxe5 {(
02:24)} 23. Qxe5 {(01:31)} Rc8 {(00:45)} 24. c3 {(00:41)}
1-0

[Event "42nd Olympiad Baku 2016 Women"]
[Site "Baku"]
[Date "2016.09.06"]
[Round "5.5"]
[White "Houska, Jovanka"]
[Black "Wakuruwarewa, Colletta"]
[Result "1-0"]
[ECO "A05"]
[WhiteElo "2386"]
[BlackElo "1716"]
[Annotator ""]
[PlyCount "67"]
[EventDate "2016.??.??"]
[EventType "team-tourn"]
[EventCountry "AZE"]
[SourceTitle "playchess.com"]
[Source "ChessBase"]
[WhiteTeam "England"]
[BlackTeam "Zimbabwe"]
[WhiteTeamCountry "ENG"]
[BlackTeamCountry "ZIM"]
[TimeControl "40/5400+30:1800+30"]

1. Nf3 {(00:00)} Nf6 {(00:00)} 2. d4 {(00:07)} e6 {
(00:15)} 3. g3 {(00:33)} Be7 {(00:12)} 4. Bg2 {(00:
39)} O-O {(00:26)} 5. O-O {(00:42)} d5 {(01:11)} 6. c4 {
(00:39)} b6 {(00:36)} 7. cxd5 {(00:16)} Nxd5 {(00:
32)} 8. e4 {(01:45)} Nf6 {(00:31)} 9. Nc3 {(00:05)} Bb7 {
(00:46)} 10. Qc2 {(01:36)} Nbd7 {(00:22)} 11. Rd1 {
(01:45)} Qc8 {(01:42)} 12. Bf4 {(03:11)} Nh5 {(05:
39)} 13. Be3 {(00:24)} Nhf6 {(00:09)} 14. Rac1 {(01:47)}
c6 {(02:17)} 15. h3 {(07:26)} h6 {(04:00)} 16. g4 {
(10:48)} Nh7 {(05:03)} 17. Ne2 {(06:20)} c5 {(03:
28)} 18. d5 {(00:23)} exd5 {(00:23)} 19. exd5 {(00:04)}
Nhf6 {(01:06)} 20. d6 {(07:52)} Bd8 {(00:18)} 21. Ng3 {
(00:08)} Nd5 {(01:38)} 22. Bd2 {(12:15)} Bf6 {(09:
03)} 23. Nf5 {(07:03)} Re8 {(04:46)} 24. Re1 {(07:40)} Nf8
{(04:52)} 25. h4 {(01:37)} Ne6 {(04:58)} 26. g5 {(
01:38)} hxg5 {(01:22)} 27. hxg5 {(00:04)} Nd4 {(02:13)}
28. N3xd4 {(01:49)} Rxe1+ {(00:50)} 29. Rxe1 {(00:14)}
Bxd4 {(00:04)} 30. Bxd5 {(00:24)} Kh8 {(02:32)} 31. Bxb7 {
(02:53)} Qxb7 {(00:28)} 32. Qe4 {(00:04)} Qxe4 {(
00:45)} 33. Rxe4 {(00:05)} g6 {(00:16)} 34. d7 1-0

[Event "42nd Olympiad Baku 2016 Women"]
[Site "Baku"]
[Date "2016.09.06"]
[Round "5.14"]
[White "Javakhishvili, Lela"]
[Black "Chumpitaz, Ann"]
[Result "1-0"]
[ECO "E90"]
[WhiteElo "2486"]
[BlackElo "2150"]
[Annotator ""]
[PlyCount "57"]
[EventDate "2016.??.??"]
[EventType "team-tourn"]
[EventCountry "AZE"]
[SourceTitle "playchess.com"]
[Source "ChessBase"]
[WhiteTeam "Georgia"]
[BlackTeam "Peru"]
[WhiteTeamCountry "GEO"]
[BlackTeamCountry "PER"]
[TimeControl "40/5400+30:1800+30"]

1. d4 {(00:00)} Nf6 {(00:00)} 2. c4 {(00:00)} g6 {(
00:00)} 3. Nc3 {(00:00)} Bg7 {(00:07)} 4. e4 {(00:00)} d6
{(00:07)} 5. Nf3 {(00:03)} O-O {(00:07)} 6. h3 {(
00:04)} c5 {(03:06)} 7. d5 {(00:10)} e6 {(07:19)} 8. Bd3 {
(00:14)} exd5 {(03:13)} 9. cxd5 {(00:07)} Re8 {(02:
07)} 10. O-O {(00:24)} a6 {(00:55)} 11. a4 {(00:31)} Nbd7
{(00:48)} 12. Bf4 {(05:52)} c4 {(12:25)} 13. Bc2 {(
00:51)} Qc7 {(08:45)} 14. Re1 {(07:31)} Rb8 {(02:31)} 15.
Qd2 {(04:40)} Nh5 {(06:39)} 16. Be3 {(08:33)} Nc5 {
(07:01)} 17. e5 {(07:56)} Nd7 {(29:16)} 18. g4 {(
21:34)} Nxe5 {(00:18)} 19. Nxe5 {(00:09)} Rxe5 {(00:21)}
20. gxh5 {(04:40)} Rxh5 {(00:18)} 21. Ba7 {(03:59)} Qd7 {
(07:05)} 22. Bxb8 {(03:12)} Qxh3 {(07:08)} 23. Re8+ {
(00:26)} Bf8 {(00:03)} 24. Rxf8+ {(02:24)} Kxf8 {(
00:01)} 25. Bxd6+ {(00:06)} Kg8 {(00:01)} 26. Be4 {(00:17]
} Bg4 {(02:41)} 27. Bg2 {(00:46)} Qh4 {(00:05)} 28. Bg3 {
(00:41)} Qd8 {(00:53)} 29. Re1 {(00:14)} 1-0

[Event "42nd Olympiad Baku 2016 Women"]
[Site "Baku"]
[Date "2016.09.06"]
[Round "5.11"]
[White "Jorge, Rita Maria Osorio"]
[Black "Jacobs, Annelaine"]
[Result "1-0"]
[ECO "B52"]
[WhiteElo "1791"]
[BlackElo "1679"]
[Annotator ""]
[PlyCount "47"]
[EventDate "2016.??.??"]
[EventType "team-tourn"]
[EventCountry "AZE"]
[SourceTitle "playchess.com"]
[Source "ChessBase"]
[WhiteTeam "Portugal"]
[BlackTeam "ARU"]
[WhiteTeamCountry "POR"]
[TimeControl "40/5400+30:1800+30"]

1. e4 {(00:00)} c5 {(00:00)} 2. Nf3 {(00:15)} d6 {(
00:00)} 3. Bb5+ {(01:03)} Bd7 {(01:52)} 4. Bxd7+ {(00:21)}
Qxd7 {(00:17)} 5. O-O {(00:56)} Nf6 {(05:37)} 6. Re1 {
(00:55)} e6 {(03:10)} 7. c3 {(03:24)} Be7 {(02:59)}
8. d4 {(00:29)} cxd4 {(04:40)} 9. cxd4 {(01:50)} O-O {
(02:11)} 10. Nc3 {(05:05)} Nc6 {(04:47)} 11. d5 {(
12:52)} Ne5 {(08:40)} 12. Nd4 {(13:24)} a6 {(03:23)} 13.
Qb3 {(18:54)} exd5 {(04:57)} 14. exd5 {(08:18)} Qg4 {
(22:52)} 15. Be3 {(10:39)} Nd3 {(07:42)} 16. Re2 {(
01:33)} Nc5 {(01:11)} 17. Qc2 {(01:12)} Rac8 {(08:11)} 18.
Nf5 {(08:56)} Rfe8 {(02:58)} 19. Bxc5 {(01:07)} Rxc5 {
(09:16)} 20. Rxe7 {(02:43)} Rxe7 {(01:09)} 21. Nxe7+ {
(00:09)} Kf8 {(00:44)} 22. Re1 {(00:40)} g6 {(01:
05)} 23. Qd2 {(01:52)} Rc7 {(00:47)} 24. Qh6+ {(00:47)}
1-0

[Event "42nd Olympiad Baku 2016 Women"]
[Site "Baku"]
[Date "2016.09.06"]
[Round "5.6"]
[White "Jose Polanco, Kenia"]
[Black "Shipindo, Rauha"]
[Result "1-0"]
[ECO "D04"]
[WhiteElo "1923"]
[BlackElo "1621"]
[Annotator ""]
[PlyCount "97"]
[EventDate "2016.??.??"]
[EventType "team-tourn"]
[EventCountry "AZE"]
[SourceTitle "playchess.com"]
[Source "ChessBase"]
[WhiteTeam "Dominican Republic"]
[BlackTeam "Namibia"]
[WhiteTeamCountry "DOM"]
[BlackTeamCountry "NAM"]
[TimeControl "40/5400+30:1800+30"]

1. d4 {(00:00)} d5 {(00:00)} 2. Nf3 {(00:00)} Nf6 {
(00:20)} 3. e3 {(00:00)} Bf5 {(01:12)} 4. c4 {(01:
09)} e6 {(01:13)} 5. Nc3 {(01:01)} c5 {(01:18)} 6. cxd5 {
(02:58)} exd5 {(04:20)} 7. Bb5+ {(05:03)} Bd7 {(07:
51)} 8. Bd3 {(05:19)} Be7 {(04:09)} 9. O-O {(03:07)} O-O {
(00:10)} 10. b3 {(00:51)} Nc6 {(00:39)} 11. Bb2 {(
01:08)} Bg4 {(05:56)} 12. Be2 {(08:37)} Be6 {(03:49)} 13.
dxc5 {(00:55)} Bxc5 {(00:20)} 14. Rc1 {(04:39)} Be7 {
(04:02)} 15. Qd3 {(06:42)} Qd7 {(04:49)} 16. Rfd1 {
(04:16)} Rad8 {(02:51)} 17. Nd4 {(06:31)} Ne5 {(04:
09)} 18. Qb1 {(03:46)} Bg4 {(06:26)} 19. f3 {(07:05)} Bh5
{(01:50)} 20. Ncb5 {(10:51)} Nc6 {(04:49)} 21. Bd3 {
(10:13)} a6 {(06:06)} 22. Bf5 {(00:32)} Bg6 {(02:
34)} 23. Bxd7 {(02:28)} Bxb1 {(00:41)} 24. Bxc6 {(00:57)}
bxc6 {(00:29)} 25. Nxc6 {(01:08)} Rd7 {(02:54)} 26. Nxe7+
{(00:04)} Rxe7 {(00:20)} 27. Ba3 {(00:19)} Rxe3 {(
00:33)} 28. Bxf8 {(00:18)} Kxf8 {(00:31)} 29. Rc8+ {(01:
51)} Ke7 {(03:00)} 30. Kf2 {(02:05)} Re6 {(04:57)} 31. Nd4
{(00:47)} Kd7 {(02:34)} 32. Ra8 {(02:07)} Bxa2 {(
09:38)} 33. Nxe6 {(00:43)} fxe6 {(00:13)} 34. Rxa6 {(01:
09)} Bxb3 {(00:13)} 35. Rb1 {(00:27)} Bc4 {(03:30)} 36.
Rb7+ {(00:43)} Kc8 {(00:44)} 37. Raa7 {(00:18)} Ne8 {
(01:34)} 38. Re7 {(01:30)} Kb8 {(01:32)} 39. Rad7 {
(01:43)} Kc8 {(00:34)} 40. Ra7 {(00:00)} Kb8 {(00:
00)} 41. Ra1 {(00:57)} Nc7 {(03:53)} 42. Rxg7 {(01:34)}
Kb7 {(03:50)} 43. Rxh7 {(00:35)} Kc6 {(00:20)} 44. g4 {
(00:39)} Kd6 {(04:40)} 45. g5 {(00:21)} d4 {(00:50]
} 46. Rc1 {(00:22)} Nb5 {(10:04)} 47. Rxc4 {(01:35)} Kd5 {
(00:15)} 48. Rxd4+ {(01:04)} Nxd4 {(01:53)} 49. Rd7+ {
(00:24)} 1-0